 Dungeon Sprint DCSS version 0.30.1-4-g462c640d31 (webtiles) character file.

Game seed: 15293496420397258996

133350 Groucho the Acrobat (level 15, -7/82 (91) HPs)
             Began as a Spriggan Hunter on Aug 12, 2023.
             Was the Champion of Qazlal.
             Killed by a mummy priest's death curse (20 damage)
             ... in the Dungeon (Sprint III: "The Ten Rune Challenge").
             The game lasted 00:46:33 (22538 turns).

Groucho the Acrobat (Spriggan Hunter)              Turns: 22538, Time: 00:46:34

HP:   -7/82 (91)    AC:  7    Str:  7      XL:     15   Next: 94%
MP:   39/47         EV: 42    Int: 13      God:    Qazlal [******]
Gold: 479           SH: 16    Dex: 23 (24) Spells: 44/51 levels left

rFire   + + .        B - +3 hand crossbow of the Nurturing Gods {heavy, rF++}
rCold   + . .        a - +0 buckler
rNeg    . . .        v - +2 robe {rC+}
rPois   .            L - +1 hat
rElec   .            k - +0 cloak
rCorr   .            (gloves unavailable)
SInv    +            (boots unavailable)
Will    ++...        x - amulet of magic regeneration
Stlth   +            y - ring of magical power
HPRegen 0.33/turn    (no ring)
MPRegen 0.70/turn

%: no teleportation, repel missiles
@: studying Summonings, drained, very quick
A: very small, no large weapons, unfitting armour, see invisible, speed 3
}: 2/10 runes: serpentine, barnacled
a: Renounce Religion, Upheaval, Elemental Force, Disaster Area


You were in the Dungeon.
You worshipped Qazlal.
Qazlal was exalted by your worship.
You visited 1 branch You collected 2928 gold pieces.
You spent 2449 gold pieces at shops.

Inventory:

Hand Weapons
 u - the +7 short sword "Miticyca" {vamp, Dex+3}
   (You took it off a deep elf death mage in the Dungeon)

   Dex:       It affects your dexterity (+3).
 B - the +3 hand crossbow of the Nurturing Gods (weapon) {heavy, rF++}
   (You found it in the Dungeon)

   rF:        It greatly protects you from fire.
 C - a +6 sling of electrocution
Armour
 a - a +0 buckler (worn)
 k - a +0 cloak (worn)
 v - a +2 robe of cold resistance (worn)
 L - a +1 hat (worn)
Jewellery
 s - an amulet of guardian spirit
 x - an amulet of magic regeneration (around neck)
 y - a ring of magical power (left hand)
 I - the amulet of Jonaux {Acrobat Will++}
   (You bought it in a shop in the Dungeon)

   [amulet of the acrobat]

   It increases your evasion while moving and waiting.
   Will:      It greatly increases your willpower.
 J - a ring of wizardry
 K - a +6 ring of intelligence
 N - a ring of willpower
Wands
 c - a wand of iceblast (10)
 d - a wand of polymorph (5)
 e - a wand of flame (19)
 A - a wand of acid (12)
Scrolls
 b - 7 scrolls of immolation
 i - a scroll of blinking
 l - 15 scrolls of identify
 n - a scroll of magic mapping {unknown}
 t - 2 scrolls of amnesia
 w - a scroll of silence
 E - a scroll of enchant armour {unknown}
 F - a scroll of vulnerability {unknown}
Potions
 f - 3 potions of haste
 g - 2 potions of magic
 h - a potion of berserk rage
 j - 5 potions of degeneration {unknown}
 m - 2 potions of flight
 o - 5 potions of mutation
 p - 5 potions of heal wounds
 q - 3 potions of curing
 r - 2 potions of lignification
 D - 2 potions of attraction {unknown}
 G - a potion of ambrosia {unknown}
 H - 2 potions of resistance
 M - a potion of cancellation {unknown}
Miscellaneous
 z - a lightning rod (4/4)


   Skills:
 + Level 15.6 Fighting
 + Level 21.3 Ranged Weapons
 + Level 11.6 Armour
 + Level 24.2 Dodging
 - Level 1.5 Stealth
 + Level 10.4 Shields
 + Level 18.6 Spellcasting
 + Level 14.0 Transmutations
 + Level 10.0 Air Magic
 + Level 19.8 Invocations
 + Level 18.9 Evocations


You had 44 spell levels left.
You knew the following spells:

 Your Spells              Type           Power      Damage    Failure   Level
a - Storm Form            Tmut/Air       21%        N/A       36%         7

Your spell library contained the following spells:

 Spells                   Type           Power      Damage    Failure   Level
 Spider Form              Tmut/Pois      30%        N/A       1%          3
 Cigotuvi's Dreadful Rot  Necr/Pois/Air  40%        N/A       2%          2
 Petrify                  Tmut/Erth      30%        N/A       3%          4
 Mephitic Cloud           Conj/Pois/Air  20%        N/A       4%          3
 Apportation              Tloc           24%        N/A       6%          1
 Magic Dart               Conj           48%        1d5       6%          1
 Sandblast                Erth           24%        2d8       6%          1
 Call Imp                 Summ           24%        N/A       10%         2
 Ensorcelled Hibernation  Hex/Ice        24%        N/A       10%         2
 Alistair's Intoxication  Tmut/Pois      20%        N/A       10%         5
 Stone Arrow              Conj/Erth      24%        3d8       19%         3
 Eringya's Noxious Bog    Tmut/Pois      15%        N/A       47%         6
 Statue Form              Tmut/Erth      20%        N/A       47%         6
 Anguish                  Hex/Necr       6%         N/A       54%         4
 Dispel Undead            Necr           12%        3d9       54%         4
 Lee's Rapid Deconstruct  Erth           6%         3d6*      87%         5
 Summon Forest            Summ/Tloc      6%         N/A       87%         5
 Summon Mana Viper        Hex/Summ       12%        N/A       87%         5
 Death Channel            Necr           6%         N/A       100%        6
 Summon Cactus Giant      Summ           6%         N/A       100%        6


Dungeon Overview and Level Annotations

Branches:
Dungeon (1/1)

Altars:
Cheibriados
Dithmenos
Elyvilon
Fedhas
Gozag
Hepliaklqana
Kikubaaqudgha
Makhleb
Nemelex Xobeh
Okawaru
Qazlal
Ru
Sif Muna
Trog
Uskayaw
Vehumet
Wu Jian
Xom
Yredelemnul
Zin
The Shining One
Jiyva
Lugonu

Shops:
D =[?!(:*[[![!(:(=**([?!?


Innate Abilities, Weirdness & Mutations

You are very small and have problems with some larger weapons.
You are too small for most types of armour.
You have supernaturally acute eyesight. (SInv)
You cover ground extremely quickly. (Speed+++)


Message History

You destroy the guardian mummy!
Qazlal accepts your kill.
The blast of rubble hits the guardian mummy!!!
You destroy the guardian mummy!
Qazlal accepts your kill.
You hear a sizzling sound!
The blast of ice hits the royal mummy!!
The royal mummy partially resists.
The royal mummy is severely damaged.
The royal mummy is flash-frozen.
The blast of ice hits the royal mummy!!
The royal mummy partially resists.
The royal mummy is almost destroyed.
The blast of rubble hits the royal mummy!
The royal mummy is almost destroyed.
The cutting wind hits the royal mummy!!!
You destroy the royal mummy!
Qazlal accepts your kill.
You feel extremely nervous for a moment...
Pain shoots through your body!!
You feel extremely nervous for a moment...
You are engulfed in negative energy!
You feel clumsy.
You feel extremely nervous for a moment...
You are engulfed in negative energy!
You feel drained.
You feel extremely nervous for a moment...
You are engulfed in negative energy!
You feel drained.
You feel extremely nervous for a moment...
The world around you seems to dim momentarily.
You feel extremely nervous for a moment...
Pain shoots through your body!!
You feel extremely nervous for a moment...
Your skin prickles.
You feel extremely nervous for a moment...
Your body is wracked with pain!
* * * LOW HITPOINT WARNING * * *
You feel extremely nervous for a moment...
Pain shoots through your body!
* * * LOW HITPOINT WARNING * * *
You feel extremely nervous for a moment...
Pain shoots through your body!!
You die...

##)...≈#.▓'▓▓▓▓▓▓▓▓▓▓▓▓▓▓▓▓▓
......)).▓..#.^............#
####..§#.▓÷.#.^.....^......#
^^.##.≈#.▓..#..##########..#
^#..##'##▓..#^.#.§§.§§≈≈#..#
.##.##...▓÷.#..#§.§§§§§≈#..#
^##.####.▓..#..#..§§§§§/#..#
^##......▓..#..#M..§§§≈≈#..#
#####'###▓.^#..#@########..#
.'~⌠...≈.▓..#..#...○§°≈≈...#
.#~~.≈.≈.▓..'..#..§.§§≈^...#
.#.≈.≈.≈.▓##################
.#...≈.).▓ #####'###▓
.#.#.#.#.▓ #.#.#.#.#▓
.#.#.#.#.▓


You could see a guardian mummy.

Vanquished Creatures
  Mennas (D)
  Mara (D)
  Boris (D)
  2 royal mummies (D)
  Sigmund (D)
  Geryon (D)
  Nikola (D)
  A lich (D)
  Rupert (D)
  A deep elf master archer (D)
  An acid blob (D)
  An Executioner (D)
  A kraken (D)
  Gastronok (D)
  2 sphinxes (D)
  A storm dragon (D)
  4 azure jellies (D)
  Roxanne (D)
  A nagaraja (D)
  A draconian knight (D)
  2 stone giants (D)
  2 vampire knights (D)
  Nessos (D)
  A yellow draconian (D)
  3 deep elf annihilators (D)
  A deep elf demonologist (D)
  2 dire elephants (D)
  An iron golem (D)
  2 deep elf death magi (D)
  7 mummy priests (D)
  4 yaktaur captains (D)
  Erolcha (D)
  2 vault guards (D)
  2 hell beasts (D)
  2 hydras (D)
  2 alligator snapping turtles (D)
  A naga warrior (D)
  A centaur warrior (D)
  4 anacondas (D)
  4 dancing weapons (D)
  4 death yaks (D)
  2 titan zombies (D)
  Urug (D)
  4 deep elf knights (D)
  2 sun demons (D)
  2 soul eaters (D)
  4 hell knights (D)
  4 skeletal warriors (D)
  A shadow wraith (D)
  A death drake (D)
  A glowing orange brain (D)
  A spriggan druid (D)
  A spectral iron dragon (D)
  2 deep elf zephyrmancers (D)
  An orange crystal statue (D)
  A lindwurm (D)
  2 deep elf pyromancers (D)
  3 shining eyes (D)
  4 ugly things (D)
  An orc sorcerer (D)
  4 crystal guardians (D)
  2 oklob plants (D)
  2 elephants (D)
  A stone giant skeleton (D)
  A molten gargoyle (D)
  8 statues (D)
  3 black mambas (D)
  Edmund (D)
  A guardian serpent (D)
  2 cane toads (D)
  A rime drake (D)
  An anaconda simulacrum (D)
  12 yaktaurs (D)
  10 guardian mummies (D)
  A komodo dragon (D)
  2 ice devils (D)
  A queen bee (D)
  3 wandering mushrooms (D)
  2 spriggan defenders (D)
  2 tyrant leeches (D)
  An orc high priest (D)
  8 blink frogs (D)
  3 hornets (D)
  4 snapping turtles (D)
  4 slime creatures (D)
  2 spriggans (D)
  A shadow (D)
  5 redbacks (D)
  A golden eye (D)
  A spatial vortex (D)
  2 iron troll simulacra (D)
  2 nagas (D)
  6 water moccasins (D)
  A hydra simulacrum (D)
  3 floating eyes (D)
  2 orc warriors (D)
  A swamp drake (D)
  A black mamba simulacrum (D)
  5 two-headed ogres (D)
  A necrophage (D)
  A water elemental (D)
  32 killer bees (D)
  4 electric eels (D)
  A jelly (D)
  6 orc priests (D)
  3 orc wizards (D)
  Crazy Yiuf (D)
  Jessica (D)
  A wizard (D)
  2 necromancers (D)
  3 wolf simulacra (D)
  3 humans (D)
  A kobold demonologist (D)
  3 adders (D)
  9 orcs (D)
  An endoplasm (D)
  2 rats (D)
300 creatures vanquished.

Vanquished Creatures (others)
  A fire dragon (D)
  2 spriggan defenders (D)
  4 ball lightnings (D)
  4 ballistomycete spores (D)
  4 tentacles (D)
15 creatures vanquished.

Grand Total: 315 creatures vanquished

Notes
Turn   | Place    | Note
-------+----------+-------------------------------------------
     0 | D        | Groucho the Spriggan Hunter began the quest for the Orb.
     0 | D        | Reached XP level 1. HP: 10/10 MP: 2/2
    13 | D        | Reached skill level 3 in Dodging
    35 | D        | Noticed Jessica
    42 | D        | Killed Jessica
    43 | D        | Reached skill level 5 in Ranged Weapons
    43 | D        | Reached skill level 4 in Dodging
    43 | D        | Reached XP level 2. HP: 9/16 MP: 2/4
    43 | D        | Reached XP level 3. HP: 10/19 MP: 2/5
   299 | D        | Noticed Crazy Yiuf
   314 | D        | Killed Crazy Yiuf
   315 | D        | Reached skill level 5 in Dodging
   315 | D        | Reached XP level 4. HP: 24/24 MP: 7/7
   358 | D        | Noticed a water elemental
   592 | D        | Killed a water elemental
   593 | D        | Reached skill level 6 in Dodging
   629 | D        | Reached XP level 5. HP: 29/29 MP: 9/9
   636 | D        | Noticed a shadow
   659 | D        | Killed a shadow
   660 | D        | Reached skill level 5 in Fighting
   660 | D        | Reached skill level 8 in Dodging
   660 | D        | Reached skill level 5 in Invocations
   660 | D        | Reached XP level 6. HP: 35/35 MP: 9/11
   683 | D        | Found a blossoming altar of Fedhas.
   683 | D        | Found a stormy altar of Qazlal.
   683 | D        | Found a snail-covered altar of Cheibriados.
   683 | D        | Found a burning altar of Makhleb.
   683 | D        | Found a shimmering altar of Xom.
   683 | D        | Noticed a spatial vortex
   684 | D        | Found a hazy altar of Hepliaklqana.
   684 | D        | Found an opulent altar of Gozag.
   684 | D        | Found a sparkling altar of Nemelex Xobeh.
   684 | D        | Found a corrupted altar of Lugonu.
   684 | D        | Found a viscous altar of Jiyva.
   689 | D        | Became a worshipper of Qazlal Stormbringer
   706 | D        | Killed a spatial vortex
   707 | D        | Reached skill level 10 in Ranged Weapons
   727 | D        | Found a shadowy altar of Dithmenos.
   736 | D        | Reached skill level 9 in Dodging
   753 | D        | Found a basalt altar of Yredelemnul.
   753 | D        | Found a sacrificial altar of Ru.
   767 | D        | Reached * piety under Qazlal
   768 | D        | Reached XP level 7. HP: 34/39 MP: 12/12
   792 | D        | Found a hide-covered altar of Uskayaw.
   792 | D        | Found an iron altar of Okawaru.
   792 | D        | Found a bloodstained altar of Trog.
   792 | D        | Found an ornate altar of the Wu Jian Council.
   792 | D        | Noticed a human
   792 | D        | Noticed a human
   832 | D        | Killed a human
   837 | D        | Killed a human
   838 | D        | Reached skill level 10 in Dodging
   867 | D        | Found a glowing silver altar of Zin.
   867 | D        | Found a glowing golden altar of the Shining One.
   867 | D        | Found a white marble altar of Elyvilon.
   868 | D        | Noticed a deep elf pyromancer
   876 | D        | Noticed a fire elemental
   877 | D        | Killed a deep elf pyromancer
   877 | D        | Reached ** piety under Qazlal
   878 | D        | Reached skill level 11 in Dodging
   878 | D        | Reached XP level 8. HP: 26/46 MP: 13/15
  1048 | D        | Found a radiant altar of Vehumet.
  1061 | D        | Found a shimmering blue altar of Sif Muna.
  1061 | D        | Found an ancient bone altar of Kikubaaqudgha.
  1175 | D        | Reached *** piety under Qazlal
  1708 | D        | Noticed a two-headed ogre
  1745 | D        | Killed a two-headed ogre
  1926 | D        | Found Utsozyll's Assorted Antiques.
  1926 | D        | Noticed an orc sorcerer
  1930 | D        | Reached **** piety under Qazlal
  1931 | D        | Killed an orc sorcerer
  1932 | D        | Reached skill level 12 in Dodging
  1932 | D        | Reached XP level 9. HP: 51/51 MP: 3/17
  1935 | D        | Reached ***** piety under Qazlal
  2228 | D        | Bought a potion of curing for 54 gold pieces
  2228 | D        | Bought 2 potions of heal wounds for 180 gold pieces
  2228 | D        | Bought a bubbling coppery potion for 16 gold pieces
  2233 | D        | Noticed a deep elf pyromancer
  2233 | D        | Noticed a deep elf zephyrmancer
  2233 | D        | Noticed a deep elf knight
  2233 | D        | Noticed a deep elf zephyrmancer
  2233 | D        | Noticed a deep elf knight
  2353 | D        | Killed a deep elf knight
  2353 | D        | Killed a deep elf pyromancer
  2353 | D        | Killed a deep elf zephyrmancer
  2354 | D        | Reached skill level 15 in Ranged Weapons
  2354 | D        | Reached skill level 13 in Dodging
  2354 | D        | Reached skill level 10 in Invocations
  2354 | D        | Reached XP level 10. HP: 58/58 MP: 8/18
  2357 | D        | Killed a deep elf knight
  2358 | D        | Reached skill level 14 in Dodging
  2373 | D        | Killed a deep elf zephyrmancer
  2728 | D        | Noticed a deep elf annihilator
  2736 | D        | Killed a deep elf annihilator
  2737 | D        | Identified the +7 short sword "Miticyca" {vamp, Dex+3}
  2737 | D        | Noticed a deep elf death mage
  2741 | D        | Killed a deep elf death mage
  2767 | D        | Killed a ghostly deep elf death mage
  2768 | D        | Reached skill level 10 in Fighting
  2768 | D        | Reached skill level 1 in Armour
  2768 | D        | Reached skill level 15 in Dodging
  2768 | D        | Noticed a deep elf death mage
  2776 | D        | Killed a deep elf death mage
  2808 | D        | Noticed a deep elf annihilator
  2810 | D        | Noticed a deep elf master archer
  2842 | D        | Identified the +8 broad axe "Munesel" {antimagic, Contam
                  | rC++}
  2842 | D        | Noticed a deep elf annihilator
  2920 | D        | Noticed a deep elf demonologist
  2923 | D        | Killed a deep elf demonologist
  3291 | D        | Killed a deep elf annihilator
  3292 | D        | Reached XP level 11. HP: 64/64 MP: 14/21
  3302 | D        | Killed a deep elf annihilator
  3303 | D        | Reached skill level 16 in Dodging
  3697 | D        | Killed a deep elf master archer
  4260 | D        | Noticed Erolcha
  4264 | D        | Reached skill level 1 in Spellcasting
  4264 | D        | Reached skill level 1 in Evocations
  4266 | D        | Killed Erolcha
  4513 | D        | Reached skill level 17 in Dodging
  4574 | D        | Reached skill level 5 in Armour
  4574 | D        | Reached skill level 5 in Evocations
  4811 | D        | Noticed Edmund
  4816 | D        | Killed Edmund
  4816 | D        | Noticed Sigmund
  4817 | D        | Reached skill level 5 in Spellcasting
  4818 | D        | Killed Sigmund
  5082 | D        | Noticed a yaktaur captain
  5082 | D        | Noticed a yaktaur captain
  5086 | D        | Reached skill level 18 in Dodging
  5087 | D        | Reached XP level 12. HP: 70/70 MP: 13/23
  5920 | D        | Killed a yaktaur captain
  5957 | D        | Killed a yaktaur captain
  6710 | D        | Noticed a centaur warrior
  6712 | D        | Killed a centaur warrior
  6722 | D        | Noticed a fire dragon
  6785 | D        | Killed a fire dragon
  6831 | D        | Noticed a yaktaur captain
  6832 | D        | Killed a yaktaur captain
  6833 | D        | Reached skill level 19 in Dodging
  6833 | D        | Reached skill level 10 in Evocations
  6836 | D        | Reached skill level 15 in Invocations
  7161 | D        | Reached skill level 10 in Spellcasting
  7169 | D        | Identified the +3 hand crossbow of the Nurturing Gods
                  | {heavy, rF++}
  7305 | D        | Reached ****** piety under Qazlal
  7306 | D        | Reached skill level 1 in Shields
  7540 | D        | Reached XP level 13. HP: 51/76 MP: 29/29
  7731 | D        | Noticed Urug
  7736 | D        | Killed Urug
  8021 | D        | Reached skill level 20 in Dodging
  8600 | D        | Identified the staff of poison "Reussesu" {rPois rF+}
  8607 | D        | Got the Anthology of Lofty Envenoming
  8885 | D        | Found a blossoming altar of Fedhas.
  9551 | D        | Reached skill level 5 in Shields
  9551 | D        | Noticed a nagaraja
  9554 | D        | Killed a nagaraja
  9882 | D        | Found Ziddaneo's Distillery.
  9882 | D        | Found Havaah's Antique Weapon Shoppe.
  9884 | D        | Found Lesoirr's Book Boutique.
  9894 | D        | Bought a potion of haste for 110 gold pieces
  9894 | D        | Bought a potion of curing for 33 gold pieces
  9894 | D        | Bought a potion of resistance for 110 gold pieces
  9894 | D        | Bought a potion of heal wounds for 55 gold pieces
  9894 | D        | Bought 2 potions of heal wounds for 110 gold pieces
  9894 | D        | Bought a potion of resistance for 110 gold pieces
  9894 | D        | Bought a potion of lignification for 33 gold pieces
  9913 | D        | Got a serpentine rune of Zot
 10221 | D        | Noticed Rupert
 10224 | D        | Killed Rupert
 10449 | D        | Reached skill level 1 in Transmutations
 10452 | D        | Reached skill level 1 in Air Magic
 10516 | D        | Learned a level 7 spell: Storm Form
 10858 | D        | Noticed an azure jelly
 10858 | D        | Noticed an azure jelly
 10873 | D        | Noticed a kraken
 10877 | D        | Killed a kraken
 10878 | D        | Reached skill level 21 in Dodging
 11919 | D        | Found Noghufua's Jewellery Shoppe.
 11919 | D        | Found Gyisoc's Antique Armour Boutique.
 11919 | D        | Found Oriunogg's Magic Scroll Shop.
 11928 | D        | Got a barnacled rune of Zot
 11933 | D        | Bought the amulet of Jonaux {Acrobat Will++} for 714 gold
                  | pieces
 11933 | D        | Bought a ring of wizardry for 420 gold pieces
 11933 | D        | Bought a +6 ring of intelligence for 504 gold pieces
 11956 | D        | Noticed an azure jelly
 11956 | D        | Noticed an azure jelly
 11969 | D        | Killed an azure jelly
 11969 | D        | Killed an azure jelly
 11969 | D        | Killed an azure jelly
 11970 | D        | Reached skill level 5 in Transmutations
 11970 | D        | Reached XP level 14. HP: 82/82 MP: 33/33
 11972 | D        | Killed an azure jelly
 12211 | D        | Noticed Gastronok
 12222 | D        | Reached skill level 15 in Spellcasting
 12231 | D        | Killed Gastronok
 12689 | D        | Noticed an acid blob
 12745 | D        | Killed an acid blob
 14204 | D        | Reached skill level 15 in Evocations
 14464 | D        | Reached skill level 5 in Air Magic
 15015 | D        | Found Ynamno's General Store.
 15015 | D        | Found Bajol's Jewellery Boutique.
 15015 | D        | Found Sigruh's Magic Scroll Shoppe.
 15015 | D        | Found Xuimih's General Store.
 15015 | D        | Found Fasoizix's Antique Weapon Emporium.
 15015 | D        | Found Coblic's Antique Weapon Shoppe.
 15015 | D        | Found Ciuqares's Distillery.
 15015 | D        | Found Lusm's Book Shop.
 15015 | D        | Found Ygigaec's Magic Scroll Emporium.
 15015 | D        | Found Cianir's Weapon Emporium.
 15015 | D        | Found Yphem Vecw's Antique Armour Boutique.
 15086 | D        | Noticed a vampire knight
 15086 | D        | Noticed Mara
 15086 | D        | Noticed a vampire knight
 15088 | D        | Killed a vampire knight
 15088 | D        | Killed Mara
 15089 | D        | Reached skill level 22 in Dodging
 15093 | D        | Killed a vampire knight
 15991 | D        | Found Zehitasu's Distillery.
 15994 | D        | Found Ruadirghian's Distillery.
 15994 | D        | Found Nona's Armour Shop.
 15994 | D        | Found Wovah's Armour Emporium.
 16063 | D        | Noticed Mennas
 16088 | D        | Killed Mennas
 17108 | D        | Identified Roxanne's Compendium of Topomancy
 17108 | D        | Noticed Roxanne
 17117 | D        | Killed Roxanne
 17118 | D        | Reached skill level 10 in Armour
 17118 | D        | Reached skill level 10 in Transmutations
 17335 | D        | Noticed Boris
 17341 | D        | Reached XP level 15. HP: 79/88 MP: 32/36
 17345 | D        | Killed Boris
 17926 | D        | Noticed Geryon
 17929 | D        | Reached skill level 23 in Dodging
 17932 | D        | Killed Geryon
 18311 | D        | Found Qaes's Armour Boutique.
 18643 | D        | Noticed Nikola
 18643 | D        | Noticed a storm dragon
 18644 | D        | Killed a storm dragon
 18645 | D        | Reached skill level 15 in Fighting
 18646 | D        | Killed Nikola
 19080 | D        | Noticed a black draconian knight
 19081 | D        | Killed a black draconian knight
 19253 | D        | Noticed an Executioner
 19255 | D        | Killed an Executioner
 19449 | D        | Noticed Nessos
 19455 | D        | Killed Nessos
 19772 | D        | Reached skill level 10 in Shields
 21340 | D        | Reached skill level 24 in Dodging
 21668 | D        | Noticed a lich
 21673 | D        | Killed a lich
 21695 | D        | Noticed a sphinx
 21698 | D        | Killed a sphinx
 21699 | D        | Noticed a sphinx
 21702 | D        | Killed a sphinx
 22324 | D        | Reached skill level 10 in Air Magic
 22537 | D        | Noticed a royal mummy
 22537 | D        | Noticed a royal mummy
 22538 | D        | Killed a royal mummy
 22538 | D        | Killed a royal mummy
 22538 | D        | Killed by a mummy priest's death curse

Illustrated notes

Levels and vault maps discovered:
D:        dungeon_sprint_mu [sprint_mu_entry_cave, sprint_mu_temple_rooms,
          sprint_mu_d1_spiders, sprint_mu_d2_genie, sprint_mu_d3_branching,
          sprint_mu_orc_legion, sprint_mu_elf_gauntlet, sprint_mu_hive_nellie,
          sprint_mu_lair_fedhas, sprint_mu_vaults_butterflies,
          sprint_mu_slime_circle, sprint_mu_shoals_kraken,
          sprint_mu_snake_twists, sprint_mu_blade_basic,
          sprint_mu_crypt_fortress, sprint_mu_tomb_spiral,
          sprint_mu_vestibule_basic, sprint_mu_gehenna_hellfire,
          sprint_mu_dis_giant, sprint_mu_tartarus_statrot,
          sprint_mu_cocytus_islands, sprint_mu_zot1]

Skill      XL: |  1  2  3  4  5  6  7  8  9 10 11 12 13 14 15 |
---------------+----------------------------------------------+-----
Dodging        | 4 5 6 8 9 11 12 13 15 18 19 21 22 24 | 24.2
Fighting       | 2 3 4 5 7 8 9 10 11 12 13 14 15 | 15.6
Ranged Weapons | 5 6 7 9 10 12 13 15 16 17 18 19 20 21 | 21.3
Invocations    | 2 3 4 5 6 8 9 10 12 14 15 17 18 19 | 19.8
Armour         | 3 5 6 8 10 11 | 11.6
Spellcasting   | 6 11 14 16 18 | 18.6
Evocations     | 7 11 14 16 18 | 18.9
Shields        | 2 6 8 10 | 10.4
Transmutations | 5 10 14 | 14.0
Air Magic      | 3 7 10 | 10.0
Stealth        | |  1.5

Action                     |  1- 3 |  4- 6 |  7- 9 | 10-12 | 13-15 || total
---------------------------+-------+-------+-------+-------+-------++-------
   Fire: Shortbow          |    31 |    64 |    81 |   321 |       ||   497
         Hand crossbow     |       |       |       |    21 |   244 ||   265
 Invoke: Upheaval          |       |       |    15 |    57 |    78 ||   150
         Disaster Area     |       |       |       |     2 |    17 ||    19
  Evoke: Lightning rod     |       |       |       |     8 |     3 ||    11
         Wand              |       |       |       |     1 |       ||     1
    Use: Potion            |     1 |     1 |     1 |     2 |     2 ||     7
         Scroll            |       |       |       |       |     2 ||     2
 Armour: Robe              |       |     1 |       |       |     3 ||     4
  Dodge: Dodged            |     6 |    14 |    23 |   141 |   161 ||   345
         Repelled          |       |       |       |     2 |     5 ||     7
  Block: Other             |       |       |     5 |    41 |       ||    46
         Buckler           |       |       |       |       |    85 ||    85
